 Dungeon Crawl Stone Soup version 0.30-a0-779-g7971cf19c3 (webtiles) character file.

Game seed: 16770958803781241291

14 Goldberg the Trooper (level 2, 24/25 HPs)
             Began as a Demigod Fighter on Feb 17, 2023.
             Quit the game on level 1 of the Dungeon.
             The game lasted 00:01:57 (217 turns).

Goldberg the Trooper (Demigod Fighter)               Turns: 217, Time: 00:01:58

Health: 24/25      AC:  7    Str: 17    XL:     2   Next: 15%
Magic:  4/4        EV:  9    Int: 10    God:
Gold:   30         SH:  4    Dex: 13    Spells: 1/1 levels left

rFire   . . .      SeeInvis .    a - +0 trident
rCold   . . .      Faith    .    c - +0 buckler
rNeg    . . .      Spirit   .    b - +0 scale mail
rPois   .          Reflect  .    e - +0 helmet
rElec   .          Harm     .    (no cloak)
rCorr   .          Rampage  .    (no gloves)
Will    .....                    (no boots) Stlth
                                 (no amulet)
HPRegen 0.24/turn                (no ring)
MPRegen 0.09/turn                (no ring)

@: no status effects
A: high MP 1, forlorn, divine attributes
a: no special abilities


You were on level 1 of the Dungeon.
You visited 1 branch of the dungeon, and saw 1 of its levels.

You collected 30 gold pieces.

Inventory:

Hand Weapons
 a - a +0 trident (weapon)
Armour
 b - a +0 scale mail (worn)
 c - a +0 buckler (worn)
 e - a +0 helmet (worn)
Scrolls
 g - a scroll of teleportation {unknown}
 h - a scroll of noise {unknown}
 i - a scroll of immolation {unknown}
 j - a scroll of identify {unknown}
 k - a scroll of silence {unknown}
Potions
 d - a potion of might
 f - a potion of haste {unknown}


   Skills:
 + Level 2.9 Fighting
 + Level 2.0 Polearms
 + Level 2.9 Armour
 + Level 2.8 Shields


You had one spell level left.
You didn't know any spells.
Your spell library contained the following spells:

 Spells                   Type           Power      Damage    Failure   Level
 Sublimation of Blood     Necr           0%         N/A       94%         2
 Wereblood                Tmut           0%         N/A       94%         2
 Animate Armour           Summ/Erth      0%         N/A       100%        4
 Flame Wave               Conj/Fire      0%         2d4       100%        4
 Fulminant Prism          Conj/Hex       0%         3d5       100%        4
 Leda's Liquefaction      Hex/Erth       0%         N/A       100%        4
 Summon Hydra             Summ           0%         N/A       100%        7


Dungeon Overview and Level Annotations

Branches:
Dungeon (1/15)


Innate Abilities, Weirdness & Mutations

You have an increased reservoir of magic. (+10% MP)
You shall have no god before yourself.
Your divine heritage dramatically boosts your attributes as you level up.


Message History

k - a scroll labelled OZXIUS GEYWN A bat comes into view.
Found 11 gold pieces.
The bat barely misses you.
You completely miss the bat. The bat barely misses you.
The bat hits you but does no damage. x2
You barely miss the bat. You block the bat's attack.
The bat hits you but does no damage. x2
You closely miss the bat. The bat hits you but does no damage.
The bat hits you.
You closely miss the bat. The bat closely misses you.
The bat hits you but does no damage. The bat barely misses you.
You closely miss the bat. You block the bat's attack.
The bat hits you but does no damage. The bat closely misses you.
You closely miss the bat. You block the bat's attack.
The bat hits you but does no damage. You block the bat's attack.
You barely miss the bat. The bat hits you but does no damage. x2
You hit the bat.
You kill the bat!
You now have 30 gold pieces (gained 11).
A ball python comes into view.
The ball python hisses angrily.
You hear a shout! x2
A hobgoblin comes into view. x2
You closely miss the ball python. The ball python barely misses you.
The ball python grabs you. The ball python constricts you.
The ball python bites you. The ball python constricts you.
You hit the ball python.
You kill the ball python!
You block the hobgoblin's attack.
You have reached level 2!
You puncture the hobgoblin!
You kill the hobgoblin!
You hit the hobgoblin but do no damage. You block the hobgoblin's attack.
You puncture the hobgoblin!
You kill the hobgoblin!
Your Polearms skill increases to level 2!
Unknown command.
Welcome back, Goldberg the Demigod Fighter.
Press ? for a list of commands and other information.
Are you sure you want to abandon this character and quit the game? (Confirm with "yes".)

.###########
......†@...#
..########.#
#.# #.# #.#
#. .#### #.#
#.# ...# #.#
.. ##.## #.#
#.##...###.#


There were no monsters in sight!

Vanquished Creatures
  An endoplasm (D:1)
  A giant cockroach (D:1)
  2 goblins (D:1)
  3 hobgoblins (D:1)
  2 ball pythons (D:1)
  2 bats (D:1)
  A kobold (D:1)
12 creatures vanquished.

Notes
Turn   | Place    | Note
-------+----------+-------------------------------------------
     0 | D:1      | Goldberg the Demigod Fighter began the quest for the Orb.
     0 | D:1      | Reached XP level 1. HP: 18/18 MP: 3/3
    37 | D:1      | Got the Guidebook on Luminous Topomancy
   214 | D:1      | Reached XP level 2. HP: 23/25 MP: 4/4
   217 | D:1      | Quit the game

Illustrated notes

Levels and vault maps discovered:
D:1:      eino_arrival_cavern_e, layout_loops_ring, minmay_tetromino_t4

Skill      XL: |  1  2 |
---------------+-------+-----
Polearms       | 2 |  2.0
Fighting       | |  2.9
Armour         | |  2.9
Shields        | |  2.8

Action                     || total
---------------------------++-------
  Melee: Trident           ||    30
 Armour: Scale mail        ||    15
  Dodge: Dodged            ||    12
  Block: Buckler           ||     8

Table legend: (Time is in decaauts)
 A = Elapsed time spent in this place.
 B = Non-inter-level travel time spent in this place.
 C = Inter-level travel time spent in this place.
 D = Time resting spent in this place.
 E = Time spent auto-exploring this place.
 F = Levels seen in this place.
 G = Mean time per level.
                   A        B        C        D        E       F      G
               +--------+--------+--------+--------+--------+-----+--------+
         Total |    224 |    224 |      0 |      0 |    130 |   1 |  224.0 |
       Dungeon |    224 |    224 |      0 |      0 |    130 |   1 |  224.0 |
               +--------+--------+--------+--------+--------+-----+--------+

Top non-repeatable levels by time:
     D:1: 224 daAuts
